 Dungeon Sprint DCSS version 0.20-a0-1122-gb7cbeb9 (webtiles) character file.

87 potatolord6000 the Skirmisher (level 4, -1/55 HPs)
             Began as an Ogre Berserker on May 11, 2017.
             Was a Priest of Trog.
             Slain by a deep elf mage
             ... wielding a +0 long sword of holy wrath
              (4 damage)
             ... in the Dungeon (Sprint III: "The Ten Rune Challenge").
             The game lasted 00:01:34 (190 turns).

potatolord6000 the Skirmisher (Ogre Berserker)       Turns: 190, Time: 00:01:35

Health: -1/55      AC:  3    Str: 22    XL:     4   Next: 51%
Magic:  4/4        EV: 11    Int:  8    God:    Trog [***...]
Gold:   23         SH:  0    Dex:  8    Spells: 3/3 levels left

rFire    . . .     SeeInvis .   a - +0 mace
rCold    . . .     Gourm    .   (no shield)
rNeg     . . .     Faith    .   b - +0 animal skin
rPois    .         Spirit   .   (helmet restricted)
rElec    .         Reflect  .   (no cloak)
rCorr    .         Harm     .   (gloves unavailable)
MR       .....     NoTele   +   (boots unavailable)
Stlth    +.........             (no amulet)
Regen    0.2/turn               (no ring)
MPRegen  0.1/turn               (no ring)

@: hasted and slowed
A: unfitting armour, antennae 1, hooves 1, blurry vision 1, tough skin 1
a: Berserk, Trog's Hand, Burn Spellbooks, Renounce Religion


You were in the Dungeon.
You worshipped Trog.
Trog was most pleased with you.
You were not hungry.

You visited 1 branch You collected 23 gold pieces.

Inventory:

Hand Weapons
 a - a +0 mace (weapon)
Armour
 b - a +0 animal skin (worn)
Scrolls
 i - a scroll of blinking
 k - a scroll of immolation
 m - 3 scrolls of remove curse
 p - a scroll of amnesia {unknown}
Potions
 d - 3 potions of curing
 e - a potion of heal wounds
 g - 2 potions of magic
 h - a potion of berserk rage
 o - 3 potions of flight
Comestibles
 c - a bread ration
 n - 2 fruits
 q - a meat ration


   Skills:
 + Level 7.5 Fighting
 + Level 5.2 Maces & Flails
 + Level 5.2 Dodging


You had 3 spell levels left.
You didn't know any spells.

Dungeon Overview and Level Annotations

Branches:
Dungeon (1/1)

Altars:
Zin


Innate Abilities, Weirdness & Mutations

You are too large for most types of armour.
You have tough skin. (AC +1)
You have a pair of small antennae on your head.
You have large cloven feet.
Scrolls take you a little longer to read.


Message History

You hear a shout!
Found a glowing silver altar of Zin.
You can move again.
A deep elf mage comes into view.
It is wielding a long sword of holy wrath.
Okay, then.
You closely miss the deep elf mage. Your kick misses the deep elf mage.
The deep elf mage hits you with a long sword of holy wrath.
You barely miss the deep elf mage.
The deep elf mage hits you with a long sword of holy wrath!
You closely miss the deep elf mage. Your kick misses the deep elf mage.
The deep elf mage hits you with a long sword of holy wrath.
You closely miss the deep elf mage. Your kick misses the deep elf mage.
The deep elf mage gestures at you while chanting.
The bolt of fire hits you!
Ouch! That really hurt!
* * * LOW HITPOINT WARNING * * *
You thump the deep elf mage!
The deep elf mage is moderately wounded.
The deep elf mage hits you with a long sword of holy wrath.
You die...

▓▓▓▓▓ ▓▓▓ #)..#### ##.#
## #......#####..# _#
#.......#..#..# .#
##.##...#..#..###e#+###+
##.###..##'#..#.@.......
###.##..###...'.⌠.......
#..##.†####...#...######
...##..###....#.⌠.#
..##...##.....#...#
.##....#......#+###
###..##.#.....# # #..
####....# ▓ ▓▓▓ ▓▓▓▓▓▓


You could see a deep elf mage.

Vanquished Creatures
  A water elemental (D)
  A human (D)
  An ooze (D)
  A phantom (D)
  3 rats (D)
7 creatures vanquished.

Vanquished Creatures (others)
  2 draconian scorchers (D)
  6 hellions (D)
8 creatures vanquished.

Grand Total: 15 creatures vanquished

Notes
Turn   | Place    | Note
-------+----------+-------------------------------------------
     0 | D        | potatolord6000 the Ogre Berserker began the quest for the Orb.
     0 | D        | Reached XP level 1. HP: 24/24 MP: 1/1
    38 | D        | Reached ** piety under Trog
    44 | D        | Reached XP level 2. HP: 31/33 MP: 2/2
    62 | D        | Reached skill level 5 in Fighting
    62 | D        | Reached XP level 3. HP: 44/44 MP: 3/3
    63 | D        | Reached skill level 6 in Fighting
    71 | D        | Killed a hellion
    71 | D        | Killed a hellion
    85 | D        | Gained mutation: Scrolls take you a little longer to read. [potion of mutation]
    85 | D        | Gained mutation: Your spells are a little harder to cast, but a little more powerful. [potion of mutation]
    86 | D        | Lost mutation: Your spells are a little harder to cast, but a little more powerful. [potion of mutation]
    86 | D        | Gained mutation: You have a pair of small antennae on your head. [potion of mutation]
    86 | D        | Gained mutation: You have large cloven feet. [potion of mutation]
   148 | D        | Killed a hellion
   149 | D        | Killed a hellion
   149 | D        | Killed a hellion
   150 | D        | Killed a hellion
   158 | D        | Killed a white draconian scorcher
   171 | D        | Killed a white draconian scorcher
   173 | D        | Noticed a water elemental
   179 | D        | Killed a water elemental
   179 | D        | Reached *** piety under Trog
   179 | D        | Reached skill level 7 in Fighting
   179 | D        | Reached skill level 5 in Maces & Flails
   179 | D        | Reached skill level 5 in Dodging
   179 | D        | Reached XP level 4. HP: 55/55 MP: 4/4
   183 | D        | Found a glowing silver altar of Zin.
   186 | D        | Noticed a deep elf mage
   190 | D        | Slain by a deep elf mage

Vault maps used:
D:        dungeon_sprint_mu

Skill      XL: |  1  2  3 |
---------------+----------+-----
Maces & Flails | 3 4 5 |  5.2
Dodging        | 3 4 5 |  5.2
Fighting       | 5 7 |  7.5

Action                   |  1- 3 |  4- 6 || total
-------------------------+-------+-------++-------
Melee: Mace              |    32 |     5 ||    37
       Kick              |     4 |       ||     4
Invok: Berserk           |     2 |       ||     2
  Use: Potion            |     3 |       ||     3
       Scroll            |     2 |       ||     2
Armor: Animal skin       |     3 |       ||     3
Dodge: Dodged            |    19 |       ||    19
